 Dungeon Crawl Stone Soup version 0.18-a0-211-gcfb53b4 (webtiles) character file.

175441 septik the Executioner (level 17, -3/159 HPs)
             Began as a Minotaur Berserker on Nov 23, 2015.
             Was the Champion of Trog.
             Blown up by an orb spider (32 damage)
             ... with a wavering orb of destruction
             ... on level 4 of the Spider Nest on Nov 24, 2015.
             The game lasted 01:30:47 (28405 turns).

septik the Executioner (Minotaur Berserker)        Turns: 28405, Time: 01:30:48

Health: -3/159     AC: 39    Str: 32    XL:     17   Next: 47%
Magic:  7/7        EV: 13    Int:  4    God:    Trog [******]
Gold:   3360       SH:  0    Dex: 11    Spells: 0 memorised, 16 levels left

rFire  + . .     SeeInvis .     J - +1 executioner's axe (antimagic)
rCold  + . .     Clarity  .     E - +12 gold dragon armour "Xipoam" {rPois rF+ rC+ Regen+}
rNeg   + . .     SustAt   .     (shield currently unavailable)
rPois  +         Gourm    .     b - +0 hat
rElec  .         Spirit   .     y - +1 cloak {MR+}
rCorr  .         Warding  .     w - +1 pair of gloves
rMut   .         Stasis   .     p - +0 pair of boots
MR     ++...                    D - amulet of faith
Stlth  ..........               e - ring of positive energy
                                n - +4 ring of strength

@: exhausted, slowed, very slow, very resistant to hostile enchantments,
extremely unstealthy
A: retaliatory headbutt, horns 2, mutation resistance 1
a: Berserk, Trog's Hand, Brothers in Arms, Burn Spellbooks, Renounce Religion


You were on level 4 of the Spider Nest.
You worshipped Trog.
Trog was exalted by your worship.
You were hungry.

You visited 4 branches of the dungeon, and saw 31 of its levels.
You also visited: Bailey and Ice Cave.

You collected 4337 gold pieces.
You spent 977 gold pieces at shops.

Inventory:

Hand Weapons
 h - a +2 executioner's axe of chopping
 A - a +1 triple sword of holy wrath
 J - a +1 antimagic executioner's axe (weapon)
 W - a +2 executioner's axe of flaming
Missiles
 i - 685 stones (quivered)
Armour
 b - a +0 hat (worn)
 p - a +0 pair of boots (worn)
 w - a +1 pair of gloves (worn)
 y - a +1 cloak of magic resistance (worn)
 E - the +12 gold dragon armour "Xipoam" (worn) {rPois rF+ rC+ Regen+}
   (You acquired it on level 7 of the Dungeon)

   It protects you from fire.
   It protects you from cold.
   It protects you from poison.
   It increases your rate of regeneration.
Jewellery
 e - a ring of positive energy (right hand)
 n - a +4 ring of strength (left hand)
 t - a +3 ring of evasion
 D - an amulet of faith (around neck)
 L - an uncursed ring of ice
 T - a +3 ring of evasion
 Z - an uncursed amulet of warding {unknown}
Wands
 f - a wand of fireball (8)
 x - a wand of draining (5)
 F - a wand of teleportation (3)
 G - a wand of hasting (4)
 N - a wand of disintegration (13)
 O - a wand of heal wounds (5)
 Q - a wand of digging (17)
Scrolls
 g - 7 scrolls of magic mapping
 k - 4 scrolls of blinking
 q - a scroll of holy word
 r - a scroll of enchant armour
 s - 4 scrolls of fear
 u - 13 scrolls of teleportation
 z - a scroll of enchant weapon
 C - 7 scrolls of fog
 H - 10 scrolls of immolation
 M - 7 scrolls of remove curse
Potions
 a - 4 potions of flight
 d - 11 potions of heal wounds
 m - a potion of berserk rage
 o - 12 potions of curing
 B - a potion of resistance
 I - 6 potions of invisibility
 K - 6 potions of might
 V - 2 potions of haste
 Y - 3 potions of agility
Miscellaneous
 j - a stone of tremors
 U - a lantern of shadows
 X - a fan of gales
Comestibles
 c - 18 bread rations
 l - 6 meat rations
 P - 27 fruits
 S - a chunk of flesh


   Skills:
 + Level 16.5 Fighting
 * Level 21.7 Axes
 + Level 16.0 Armour
 + Level 15.0 Dodging
 + Level 7.7 Evocations


You had 16 spell levels left.
You didn't know any spells.

Dungeon Overview and Level Annotations

Branches:
Dungeon (15/15)            Temple (0/1) D:5            Lair (8/8) D:8
 Shoals (0/4) Lair:6       Spider (4/4) Lair:6        Slime (0/6) Lair:8
    Orc (4/4) D:12            Elf (0/3) Orc:3        Vaults (0/5) D:13
 Depths (0/5) D:15

Altars:
Ashenzari
Cheibriados
Elyvilon
Gozag
Kikubaaqudgha
Makhleb
Nemelex Xobeh
Xom
Yredelemnul
The Shining One
Beogh
Jiyva

Shops:
D:5 (   D:14 *   Orc:1 ?   Orc:4 %[?


Innate Abilities, Weirdness & Mutations

You reflexively headbutt those who attack you in melee.
You have a pair of horns on your head.
You are somewhat resistant to further mutation.


Message History

The emperor scorpion claws you but does no damage.
The orb of destruction hits you!
The orb spider pulsates with a strange energy.
The orb spider spins a strand of pure energy.
The emperor scorpion stings you.
* * * LOW HITPOINT WARNING * * *
The emperor scorpion claws you but does no damage. x2
The orb spider weaves a glowing orb of energy.
The emperor scorpion closely misses you.
The emperor scorpion misses you. The emperor scorpion barely misses you.
The orb spider weaves a glowing orb of energy.
The emperor scorpion completely misses you.
The emperor scorpion claws you but does no damage.
The emperor scorpion claws you.
* * * LOW HITPOINT WARNING * * *
The orb spider pulsates with a strange energy.
The orb of destruction hits you!
* * * LOW HITPOINT WARNING * * *
The wavering orb of destruction hits you!
You die...

.###...## ##..#####
..#.....# #...##
=###..†## ##..s.##
..#..#..####.#.§.%##
#...###...##...§...#
.....#....=#...§..##
#...###...##...s§..#
..#..#..####.†..§†.#
.###...###.....§@..#
..#.....#..)...s..##
.###...###......####
..#..###....#......#
#...###.#.........s#
#'''#..............#
#...#..............#
###†...#..........s#
†.%†.####......#...#


You could see an emperor scorpion and 2 orb spiders.

Vanquished Creatures
  Rupert (D:15)
  A tengu reaver (D:12)
  Donald (Orc:4)
  Maud (Orc:4)
  3 emperor scorpions
  An orc warlord (Orc:3)
  Aizul (Spider:1)
  6 ghost moths
  A frost giant (D:12)
  A stone giant (D:12)
  2 spark wasps (Spider:4)
  Snorg (Lair:4)
  A fire dragon (Lair:8)
  Josephine (Orc:2)
  A rakshasa (D:12)
  A vault guard (D:13)
  A yaktaur captain (D:12)
  3 entropy weavers
  4 ice dragons
  8 hydras
  2 ogre magi (Orc:4)
  3 centaur warriors
  A queen ant (Spider:4)
  A tengu warrior (D:14)
  An orc high priest (Orc:2)
  Urug (Orc:3)
  A large abomination (D:15)
  2 deep trolls (Orc:4)
  An unseen horror (D:10)
  34 wolf spiders
  6 hill giants
  Pikel (D:4)
  A lindwurm (Lair:8)
  4 orc sorcerers
  2 oklob plants (Spider:2)
  A griffon (D:14)
  18 orb spiders
  2 ugly things
  7 orc knights
  7 hornets
  5 cyclopes
  2 manticores
  3 moths of wrath
  14 elephants
  3 black mambas
  2 ice statues (IceCv)
  8 torpor snails
  4 gargoyles
  7 spiny frogs
  An efreet (D:15)
  5 fire drakes
  13 demonic crawlers
  2 deep elf priests (D:15)
  A freezing wraith (D:15)
  6 komodo dragons
  A tengu conjurer (D:14)
  14 trolls
  6 giant leeches (Lair:8)
  21 jumping spiders
  3 boulder beetles
  2 polar bears
  10 two-headed ogres
  A hornet zombie (D:15)
  15 blink frogs
  9 slime creatures
  The ghost of ahoge the Cudgeler, an amateur GrFi (D:5)
  41 redbacks
  3 wyverns
  13 trapdoor spiders
  Sigmund (D:2)
  27 tarantellas
  6 wraiths
  4 deep elf magi
  12 hippogriffs
  A water elemental (D:12)
  2 deep elf fighters
  8 humans (Lair:4)
  A hungry ghost (D:12)
  51 yaks
  5 basilisks
  2 wolves (Lair:7)
  3 steam dragons
  Menkaure (D:4)
  16 water moccasins
  10 swamp worms (Lair:8)
  2 wargs
  13 porcupines
  16 soldier ants (Spider:4)
  3 mottled dragons
  Duvessa (D:7)
  44 orc warriors
  4 swamp drakes (Lair:8)
  2 necrophages
  11 ice beasts
  2 black bears
  19 centaurs
  4 phantoms
  24 ogres
  17 crocodiles
  12 wasps
  A gnoll sergeant (D:8)
  22 giant frogs
  Dowan (D:7)
  3 wyvern zombies
  A big kobold (D:8)
  2 wyvern skeletons
  6 scorpions
  2 electric eels
  4 wights
  4 killer bees (D:11)
  A troll skeleton (D:10)
  4 spriggan skeletons (D:10)
  A giant frog zombie (D:6)
  3 centaur zombies
  10 crimson imps
  5 jellies
  A lava snake (Lair:6)
  13 hounds
  A gnoll shaman (D:7)
  31 orc wizards
  Crazy Yiuf (D:2)
  Ijyb (Lair:4)
  9 centaur skeletons
  A giant frog skeleton (D:7)
  31 orc priests
  Jessica (D:2)
  12 iguanas
  26 worker ants
  22 sheep
  2 hound skeletons
  13 adders
  23 gnolls
  28 river rats
  2 shadow imps
  4 adder skeletons
  An adder zombie (D:6)
  28 worms
  5 giant geckos
  233 orcs
  21 bats
  5 giant cockroaches
  13 hobgoblins
  20 jackals
  23 kobolds
  3 quokkas
  5 giant newts
  14 goblins
  19 rats
  A spectral orc (D:5)
  9 fungi
  12 plants
1380 creatures vanquished.

Vanquished Creatures (collateral kills)
  2 hydras
  A spiny frog (Lair:3)
  3 blink frogs (Lair:4)
  2 yaks (Lair:4)
8 creatures vanquished.

Vanquished Creatures (others)
  Fannar (Orc:2)
  An orb spider (Spider:2)
  A polar bear (Lair:7)
  A worker ant (Spider:4)
  2 bushes
  6 fungi
  21 plants
33 creatures vanquished.

Grand Total: 1421 creatures vanquished

Notes
Turn   | Place    | Note
--------------------------------------------------------------
     0 | D:1      | septik the Minotaur Berserker began the quest for the Orb.
     0 | D:1      | Reached XP level 1. HP: 19/19 MP: 0/0
   205 | D:1      | Reached XP level 2. HP: 27/27 MP: 1/1
   347 | D:1      | Reached skill level 4 in Fighting
   505 | D:1      | Reached XP level 3. HP: 33/33 MP: 2/2
   546 | D:1      | Reached ** piety under Trog
   824 | D:2      | Noticed Sigmund
   837 | D:2      | Killed Sigmund
   837 | D:2      | Reached skill level 5 in Axes
   837 | D:2      | Reached XP level 4. HP: 41/41 MP: 3/3
   837 | D:2      | Reached XP level 5. HP: 47/47 MP: 4/4
   983 | D:2      | Found a white marble altar of Elyvilon.
  1062 | D:2      | Noticed Jessica
  1066 | D:2      | Killed Jessica
  1066 | D:2      | Reached skill level 5 in Fighting
  1249 | D:2      | Noticed Crazy Yiuf
  1254 | D:2      | Killed Crazy Yiuf
  1254 | D:2      | Reached XP level 6. HP: 53/56 MP: 5/5
  1451 | D:3      | Reached *** piety under Trog
  1907 | D:4      | Reached skill level 6 in Axes
  1957 | D:4      | Found a shimmering altar of Xom.
  1964 | D:4      | Reached XP level 7. HP: 61/61 MP: 6/6
  2031 | D:4      | Found a snail-covered altar of Cheibriados.
  2180 | D:4      | Noticed Menkaure
  2186 | D:4      | Killed Menkaure
  2186 | D:4      | Reached skill level 5 in Armour
  2187 | D:4      | Reached skill level 7 in Axes
  2359 | D:4      | Noticed Pikel
  2363 | D:4      | Killed Pikel
  2363 | D:4      | Reached skill level 8 in Axes
  2363 | D:4      | Reached skill level 5 in Dodging
  2363 | D:4      | Reached XP level 8. HP: 69/71 MP: 7/7
  2577 | D:5      | Entered Level 5 of the Dungeon
  2577 | D:5      | Noticed ahoge's ghost (amateur GrFi)
  2707 | D:5      | Reached **** piety under Trog
  2716 | D:5      | Killed ahoge's ghost
  2797 | D:5      | Found an opulent altar of Gozag.
  2919 | D:5      | Reached skill level 9 in Axes
  2979 | D:5      | Found Riosup's Antique Weapon Shoppe.
  3083 | D:5      | Found a staircase to the Ecumenical Temple.
  3167 | D:5      | Found a basalt altar of Yredelemnul.
  3373 | D:6      | Found a sparkling altar of Nemelex Xobeh.
  3373 | D:6      | Found an opulent altar of Gozag.
  3487 | D:6      | Reached XP level 9. HP: 72/79 MP: 8/8
  3601 | D:6      | Found a shattered altar of Ashenzari.
  3865 | D:6      | You fall through a shaft for 2 floors!
  4009 | D:8      | Reached ***** piety under Trog
  4041 | D:8      | Reached skill level 10 in Axes
  4563 | D:7      | Identified a scroll of acquirement
  4564 | D:7      | Got a smoking gold dragon armour
  4573 | D:7      | Found an ancient bone altar of Kikubaaqudgha.
  4580 | D:7      | Reached skill level 11 in Axes
  4599 | D:7      | Noticed Duvessa
  4599 | D:7      | Noticed Dowan
  4604 | D:7      | Killed Duvessa
  4606 | D:7      | Killed Dowan
  4823 | D:7      | Noticed a centaur zombie
  4830 | D:7      | Killed a centaur zombie
  4833 | D:7      | Got a dazzling long sword
  4887 | D:7      | Reached XP level 10. HP: 85/90 MP: 9/9
  5137 | D:8      | Identified the +12 gold dragon armour "Xipoam" {rPois rF+ rC+ Regen+} (You acquired it on level 7 of the Dungeon)
  5433 | D:8      | Found a staircase to the Lair.
  5436 | D:8      | Received a gift from Trog
  5543 | Lair:1   | Entered Level 1 of the Lair of Beasts
  5546 | Lair:1   | Reached skill level 12 in Axes
  6033 | Lair:1   | You fall through a shaft!
  6319 | Lair:2   | Reached skill level 10 in Fighting
  6330 | Lair:2   | Received a gift from Trog
  6386 | Lair:1   | You fall through a shaft!
  6437 | Lair:2   | Reached XP level 11. HP: 94/99 MP: 10/10
  6508 | Lair:1   | Reached skill level 13 in Axes
  6716 | Lair:2   | Reached ****** piety under Trog
  7092 | Lair:3   | Noticed a seven-headed hydra
  7109 | Lair:3   | Killed a seven-headed hydra
  7238 | Lair:3   | Reached skill level 10 in Armour
  7468 | Lair:3   | Reached skill level 14 in Axes
  7814 | Lair:4   | Noticed Snorg
  7826 | Lair:4   | Killed Snorg
  7938 | Lair:4   | Noticed Ijyb
  7948 | Lair:4   | Received a gift from Trog
  7962 | Lair:4   | Killed Ijyb
  8350 | Lair:4   | Noticed a four-headed hydra
  8357 | Lair:4   | Killed a four-headed hydra
  8357 | Lair:4   | Reached XP level 12. HP: 110/110 MP: 11/11
  8417 | Lair:4   | Reached skill level 15 in Axes
  8919 | Lair:5   | Reached skill level 10 in Dodging
  9412 | Lair:6   | Found a staircase to the Shoals.
  9532 | Lair:6   | Noticed a seven-headed hydra
  9539 | Lair:6   | Killed an eight-headed hydra
  9860 | Lair:6   | Reached skill level 16 in Axes
  9896 | Lair:6   | Found a hole to the Spider Nest.
 10345 | Lair:7   | Reached XP level 13. HP: 114/118 MP: 12/12
 10448 | Lair:7   | Found a frozen archway.
 10481 | IceCv    | Entered an ice cave
 10746 | Lair:7   | Reached skill level 17 in Axes
 11272 | Lair:8   | Entered Level 8 of the Lair of Beasts
 11406 | Lair:8   | Received a gift from Trog
 11740 | Lair:8   | Found a viscous altar of Jiyva.
 11740 | Lair:8   | Found a staircase to the Slime Pits.
 11833 | Lair:8   | Got a crude plate armour
 12082 | Lair:8   | Reached XP level 14. HP: 108/129 MP: 13/13
 12151 | Lair:8   | Received a gift from Trog
 12245 | Lair:8   | Reached skill level 18 in Axes
 12502 | Lair:8   | Found a runed door.
 12621 | Lair:8   | Received a gift from Trog
 12997 | Lair:2   | Upgraded the game from 0.18-a0-183-gad09a0e to 0.18-a0-211-gcfb53b4
 13033 | Lair:2   | Identified the +8 plate armour of the Hot Ocelot {MR++} (You found it on level 8 of the Lair of Beasts)
 13310 | D:9      | Found a glowing golden altar of the Shining One.
 13532 | D:10     | Entered Level 10 of the Dungeon
 14116 | D:9      | Received a gift from Trog
 14852 | D:11     | Found a roughly hewn altar of Beogh.
 14864 | D:11     | Received a gift from Trog
 15541 | D:12     | Reached skill level 1 in Evocations
 15673 | D:12     | Found a staircase to the Orcish Mines.
 15706 | D:12     | Received a gift from Trog
 16131 | D:12     | Noticed a tengu reaver
 16140 | D:12     | Killed a tengu reaver
 16173 | D:12     | Noticed a frost giant
 16182 | D:12     | Killed a frost giant
 16182 | D:12     | Reached skill level 19 in Axes
 16189 | D:12     | Got an uncursed bone whip {speed}
 16465 | Orc:1    | Entered Level 1 of the Orcish Mines
 16668 | Orc:1    | Found Archofruc's Magic Scroll Boutique.
 16684 | Orc:1    | Bought a scroll of identify for 28 gold pieces
 16684 | Orc:1    | Bought a scroll of identify for 28 gold pieces
 16684 | Orc:1    | Bought a scroll of blinking for 105 gold pieces
 16684 | Orc:1    | Bought a scroll of magic mapping for 49 gold pieces
 16821 | Orc:1    | Received a gift from Trog
 16826 | Orc:1    | Got a steaming hand axe {god gift}
 16865 | Orc:1    | Identified the +3 hand axe "Impslayer" {chop, MR+} (Trog gifted it to you on level 1 of the Orcish Mines)
 17201 | Orc:2    | Noticed Josephine
 17215 | Orc:2    | Killed Josephine
 17221 | Orc:2    | Reached XP level 15. HP: 139/139 MP: 16/16
 17278 | Orc:2    | Noticed Fannar
 17280 | Orc:2    | Found a flagged portal.
 17295 | Orc:2    | Killed Fannar
 17306 | Bailey   | Entered a bailey
 17514 | Bailey   | Got a crude plate armour
 17931 | Orc:2    | Identified the +5 whip of Charity {speed, rElec Int+3 Dex+2} (You took it off a yaktaur captain on level 12 of the Dungeon)
 17956 | Orc:2    | Received a gift from Trog
 18620 | Orc:3    | Received a gift from Trog
 18935 | Orc:3    | Noticed Urug
 18945 | Orc:3    | Killed Urug
 18969 | Orc:3    | Found a staircase to the Elven Halls.
 19330 | Orc:4    | Entered Level 4 of the Orcish Mines
 19341 | Orc:4    | Received a gift from Trog
 19533 | Orc:4    | Noticed Maud
 19544 | Orc:4    | Killed Maud
 19607 | Orc:4    | Found Oqemah's Food Shoppe.
 19623 | Orc:4    | Received a gift from Trog
 19645 | Orc:4    | Found Qolobar's Distillery.
 19672 | Orc:4    | Found Axzux's Antique Armour Shop.
 19682 | Orc:4    | Found Varch's Magic Scroll Emporium.
 19685 | Orc:4    | Bought a pair of embroidered gloves for 126 gold pieces
 19713 | Orc:4    | Bought a scroll of enchant weapon for 90 gold pieces
 19713 | Orc:4    | Bought a scroll of teleportation for 36 gold pieces
 19713 | Orc:4    | Bought a scroll of magic mapping for 42 gold pieces
 19713 | Orc:4    | Bought a scroll of teleportation for 36 gold pieces
 19713 | Orc:4    | Bought a scroll of vulnerability for 90 gold pieces
 19713 | Orc:4    | Bought a scroll of immolation for 42 gold pieces
 19835 | Orc:4    | Noticed Donald
 19845 | Orc:4    | Killed Donald
 20080 | Orc:1    | Bought a scroll of summoning for 133 gold pieces
 20160 | Orc:4    | Bought a scroll of identify for 24 gold pieces
 20160 | Orc:4    | Bought a scroll of identify for 24 gold pieces
 20160 | Orc:4    | Bought a scroll of identify for 24 gold pieces
 20258 | D:13     | Reached skill level 15 in Fighting
 20496 | D:13     | Identified the +7 plate armour of the Present {rPois rCorr Str+4} (You found it in a bailey)
 20679 | D:13     | Found a gate to the Vaults.
 21158 | D:14     | Found Xomufa's Assorted Antiques.
 21162 | D:14     | Received a gift from Trog
 21188 | D:14     | Bought a twisted copper wand for 100 gold pieces
 21645 | D:14     | Reached skill level 5 in Evocations
 21707 | D:14     | Reached skill level 20 in Axes
 22404 | D:15     | Entered Level 15 of the Dungeon
 22709 | D:15     | Reached XP level 16. HP: 117/149 MP: 18/18
 22862 | D:15     | Found a staircase to the Depths.
 22971 | D:15     | Received a gift from Trog
 23310 | D:15     | Noticed Rupert
 23329 | D:15     | Killed Rupert
 23952 | D:15     | Found a burning altar of Makhleb.
 24499 | Lair:6   | Reached skill level 15 in Armour
 24544 | Spider:1 | Entered Level 1 of the Spider Nest
 24645 | Spider:1 | Noticed Aizul
 24673 | Spider:1 | Killed Aizul
 24839 | Spider:1 | Received a gift from Trog
 26295 | Spider:3 | Reached skill level 21 in Axes
 26431 | Spider:3 | Received a gift from Trog
 27271 | Spider:4 | Entered Level 4 of the Spider Nest
 27317 | Spider:4 | Received a gift from Trog
 27337 | Spider:4 | Reached XP level 17. HP: 110/158 MP: 7/21
 27705 | Spider:4 | Received a gift from Trog
 28158 | Spider:4 | Received a gift from Trog
 28206 | Spider:4 | Gained mutation: You are somewhat resistant to further mutation. [potion of beneficial mutation]
 28245 | Spider:4 | Received a gift from Trog
 28315 | Spider:4 | Reached skill level 15 in Dodging
 28405 | Spider:4 | Blown up by an orb spider

Vault maps used:
D:1:      eino_arrival_cavern_e, serial_park_tiny_2
D:2:      lemuel_doored_altar, uniq_jessica, uniq_sigmund,
          uniq_crazy_yiuf_cottage
D:4:      cheibriados_altar_1, tgw_xom, first_bread, uniq_menkaure, uniq_pikel,
          uniq_blork_the_orc
D:5:      yredelemnul_forgotten_temple_becter, temple_fountains, serial_shops,
          nicolae_shop_behind_doors, corexii_checkpoint_a,
          grunt_gozag_breadcrumbs
D:6:      grunt_temple_overflow_opulence, kennysheep_little_box
D:7:      old_standard_altar, uniq_duvessa
D:8:      grunt_lair_entry_elf_guard_hut
D:9:      nicolae_overflow_hidden_temple, basic_altar
D:10:     hangedman_tell_no_tales
D:11:     special_room, minmay_misc_feat_room, nicolae_twisting_strands
D:12:     cross_vault, hiddenorc2_lemuel
D:13:     david_vaults_5
D:14:     nicolae_sextant, serial_shops, shop, ldierk_geyser, minivault_10,
          hangedman_decor_peaks_small
D:15:     grunt_enter_depths_hoard, makhleb_altar_promises_db, uniq_rupert
Lair:2:   lemuel_fruit_fields
Lair:3:   infiniplex_staircase_pool_2
Lair:4:   erik_1, uniq_snorg
Lair:6:   elwin_shoals_entry_rocks, nicolae_spider_entry_tight_spaces,
          grunt_megastairs_3
Lair:7:   portal_ice_cave_entry_animals_and_master
Lair:8:   guppyfry_lair_end_dragon, wormcave, slime_altar_1, worms_lemuel
Spider:1: uniq_aizul
Spider:2: spider_temple_joshua
Spider:3: hangedman_spider_mandibles, guppyfry_wasp_nest
Spider:4: guppyfry_spider_rune, zaba_antful_of_joy, nicolae_spider_cling_ruins
Orc:1:    serial_shops, shop
Orc:2:    enter_bailey_3, special_room, uniq_josephine, uniq_fannar
Orc:3:    cheibrodos_orc_bank, serial_shops, nicolae_orc_pool_cavern, uniq_urug
Orc:4:    st_orc_open, uniq_maud, uniq_donald
Bailey:   bailey_axe_4, bailey
IceCv:    ice_cave_statue_garden_01

Action                   |  1- 3 |  4- 6 |  7- 9 | 10-12 | 13-15 | 16-18 || total
-------------------------+-------+-------+-------+-------+-------+-------++-------
Melee: Hand axe          |    52 |     1 |       |       |       |       ||    53
       Scythe            |       |    76 |    30 |       |       |       ||   106
       War axe           |       |       |   206 |   419 |       |       ||   625
       Whip              |       |       |    51 |       |       |       ||    51
       Executioner's axe |       |       |       |   118 |  1381 |    96 ||  1595
       Battleaxe         |       |       |       |       |    74 |   676 ||   750
Invok: Berserk           |     1 |       |     2 |     2 |     6 |     2 ||    13
       Brothers in Arms  |       |       |       |     7 |       |       ||     7
       Trog's Hand       |       |       |       |     1 |     2 |     1 ||     4
 Abil: Evoke Flight      |       |       |       |       |     5 |       ||     5
  Use: Scroll            |       |     4 |     4 |    16 |    17 |     7 ||    48
       Potion            |       |       |       |       |       |     4 ||     4
 Stab: Confused          |       |       |       |       |     1 |       ||     1
       Held in net/web   |       |       |       |       |       |     1 ||     1
  Eat: Chunk             |       |     5 |    10 |    22 |    41 |     8 ||    86
       Meat ration       |       |       |       |       |     1 |       ||     1
       Pizza             |       |       |       |       |     1 |     2 ||     3
       Beef jerky        |       |       |       |       |     1 |     1 ||     2
       Royal jelly       |       |       |       |       |       |     4 ||     4
